 Dungeon Crawl Stone Soup version 0.29-a0-23-ga79f92ac9c (webtiles) character file.

Game seed: 11368368763381969520

693 HallandMoats the Skirmisher (level 7, -1/62 HPs)
             Began as a Ghoul Monk on Jan 31, 2022.
             Was a High Priest of Dithmenos.
             Slain by a troll (5 damage)
             ... on level 5 of the Dungeon.
             The game lasted 00:05:15 (4587 turns).

HallandMoats the Skirmisher (Ghoul Monk)            Turns: 4587, Time: 00:05:16

Health: -1/62      AC:  5    Str: 21    XL:     7   Next: 64%
Magic:  8/8        EV: 12    Int:  5    God:    Dithmenos [*****.]
Gold:   186        SH:  0    Dex: 13    Spells: 6/6 levels left

rFire   . . .      SeeInvis .     - Unarmed
rCold   + . .      Faith    .   (no shield)
rNeg    + + +      Spirit   .   b - +0 ring mail
rPois   ∞          Reflect  .   (no helmet)
rElec   .          Harm     .   (no cloak)
rCorr   .          Rampage  .   (no gloves)
Will    .....                   (no boots)
Stlth   ++........              (no amulet)
HPRegen 0.00/turn               d - +6 ring of strength
MPRegen 0.11/turn               (no ring)

@: inhibited regen, wreathed by umbra
A: claws 1, cold resistance 1, negative energy resistance 3, inhibited
regeneration, torment resistance 2
a: Renounce Religion, Shadow Step, Shadow Form


You were on level 5 of the Dungeon.
You worshipped Dithmenos.
Dithmenos was extremely pleased with you.
You visited 1 branch of the dungeon, and saw 5 of its levels.

You collected 186 gold pieces.

Inventory:

Armour
 b - a +0 ring mail (worn)
Jewellery
 d - a +6 ring of strength (left claw)
Scrolls
 c - a scroll of teleportation
 e - 2 scrolls of enchant weapon {unknown}
 h - 2 scrolls of immolation {unknown}
 i - 2 scrolls of amnesia {unknown}
 j - a scroll of blinking {unknown}
 n - a scroll of noise {unknown}
 o - a scroll of enchant armour {unknown}
Potions
 a - 5 potions of ambrosia
 g - a potion of flight
 k - a potion of brilliance
 l - a potion of haste {unknown}
 m - a potion of resistance {unknown}
 p - a potion of curing


   Skills:
 * Level 5.9 Fighting
 + Level 2.3 Armour
 + Level 3.8 Dodging
 - Level 2.1 Stealth
 * Level 5.7 Unarmed Combat
 + Level 3.0 Invocations


You had 6 spell levels left.
You didn't know any spells.
Your spell library contained the following spells:

 Spells                   Type           Power      Damage    Failure   Level
 Ozocubu's Armour         Ice            0%         N/A       95%         3
 Ozocubu's Refrigeration  Ice            0%         4d5       100%        7


Dungeon Overview and Level Annotations

Branches:
Dungeon (5/15)             Temple (0/1) D:4

Altars:
Dithmenos
Elyvilon
Vehumet
Zin

Shops:
D:3 !

Annotations:
D:3 2 transporters, Cecur's ghost, amateur DsGl


Innate Abilities, Weirdness & Mutations

You thrive by killing the living.
You are immune to poison.
You have sharp fingernails.
Your flesh is cold resistant. (rC+)
You are immune to negative energy. (rN+++)
You do not regenerate when monsters are visible.
You are immune to unholy pain and torment.


Message History

You can now transform into a swirling mass of shadows.
You claw the gnoll!
You kill the gnoll!
Dithmenos accepts your kill.
You feel better.
Items here: ))) ††.
There is a stone staircase leading down here.
You start resting.
HP restored.
There is a stone staircase leading down here.
As you read the scroll labelled ULAULAMEC, it crumbles to dust.
It is a scroll of identify.
c - a scroll of teleportation
As you read the scroll of identify, it crumbles to dust.
a - 5 potions of ambrosia
As you read the scroll of identify, it crumbles to dust.
p - a potion of curing
As you read the scroll of identify, it crumbles to dust.
g - a potion of flight
As you read the scroll of identify, it crumbles to dust.
k - a potion of brilliance
Okay, then.
Done exploring.
Done exploring.
Done exploring.
You climb downwards.
The troll bites you! The troll claws you. x2
The water moccasin zombie bites you but does no damage.
The gnoll closely misses you.
The water moccasin zombie completely misses you.
The troll bites you! The troll claws you! x2
* * * LOW HITPOINT WARNING * * *
There is a stone staircase leading up here.
Okay, then.
The gnoll hits you with a +0 club.
* * * LOW HITPOINT WARNING * * *
The water moccasin zombie barely misses you.
The troll bites you!
* * * LOW HITPOINT WARNING * * *
The troll claws you.
You die...

########
#@Z....#
..######gT..>.#
........Z.....#
######........#
......#......#
########...[..#
#..........####
#..........#
#..........#


You could see a troll, a gnoll, a water moccasin zombie and a centaur skeleton.

Vanquished Creatures
  Grinder (D:3)
  A black bear (D:4)
  2 howler monkeys
  2 hounds (D:4)
  An orc priest (D:4)
  2 iguanas (D:4)
  7 adders
  3 gnolls (D:4)
  2 ufetubi (D:4)
  4 worms
  2 dart slugs
  3 orcs (D:4)
  16 ball pythons
  3 bats
  5 endoplasms
  3 giant cockroaches
  6 hobgoblins
  7 kobolds
  4 quokkas
  2 frilled lizards
  8 goblins
  8 rats
92 creatures vanquished.

Vanquished Creatures (others)
  A fungus (D:2)
1 creature vanquished.

Grand Total: 93 creatures vanquished

Notes
Turn   | Place    | Note
-------+----------+-------------------------------------------
     0 | D:1      | HallandMoats the Ghoul Monk began the quest for the Orb.
     0 | D:1      | Reached XP level 1. HP: 19/19 MP: 0/0
    82 | D:1      | Found a faded altar of an unknown god.
    94 | D:1      | Prayed at the altar of an unknown god.
    94 | D:1      | Became a worshipper of Dithmenos the Shadowed
    94 | D:1      | Reached * piety under Dithmenos
    94 | D:1      | Reached ** piety under Dithmenos
   245 | D:1      | Reached XP level 2. HP: 26/26 MP: 1/1
   297 | D:1      | Reached *** piety under Dithmenos
   920 | D:2      | Reached XP level 3. HP: 32/33 MP: 2/2
  1399 | D:2      | Reached skill level 1 in Invocations
  1624 | D:2      | Reached skill level 1 in Armour
  1624 | D:2      | Reached XP level 4. HP: 40/40 MP: 3/3
  1680 | D:2      | You fall into a shaft and drop 2 floors!
  1734 | D:3      | Found a transporter.
  1737 | D:3      | Noticed Cecur's ghost (amateur DsGl)
  1752 | D:3      | Found a transporter.
  1774 | D:3      | Found Niwol's Distillery.
  2214 | D:2      | Reached **** piety under Dithmenos
  2415 | D:3      | Noticed Grinder
  2418 | D:3      | Paralysed by Grinder for 6 turns
  2642 | D:3      | Paralysed by Grinder for 2 turns
  2655 | D:3      | Killed Grinder
  2656 | D:3      | Reached skill level 5 in Fighting
  2656 | D:3      | Reached XP level 5. HP: 34/48 MP: 5/5
  2656 | D:3      | Reached XP level 6. HP: 40/56 MP: 6/6
  3318 | D:4      | Reached skill level 5 in Unarmed Combat
  3466 | D:4      | Found a staircase to the Ecumenical Temple.
  3484 | D:4      | Reached XP level 7. HP: 52/61 MP: 7/7
  3972 | D:4      | Found a radiant altar of Vehumet.
  4200 | D:5      | Entered Level 5 of the Dungeon
  4227 | D:5      | Noticed a troll
  4535 | D:4      | Reached ***** piety under Dithmenos
  4587 | D:5      | Slain by a troll

Illustrated notes

Levels and vault maps discovered:
D:1:      sevenhm_arrival_forest_fort_large_2, layout_basic,
          chequers_ecumenical_altar_simple_redux
D:2:      layout_basic, minmay_shallow_snake_nest
D:3:      layout_loops_corners, mainiacjoe_overflow_swirl, serial_shops, shop,
          gammafunk_ghost_stat_death, nicolae_wormholes, uniq_grinder
D:4:      minmay_spotlight, layout_loops_cross,
          mainiacjoe_overflow_surrounded_room, minmay_temple_entry_proselytizer,
          corexii_corridor_pit
D:5:      kennysheep_big_flooded_room, layout_rooms

Skill      XL: |  1  2  3  4  5  6  7 |
---------------+----------------------+-----
Fighting       | 4 5 |  5.9
Invocations    | 1 2 3 |  3.0
Armour         | 1 2 |  2.3
Unarmed Combat | 4 5 |  5.7
Dodging        | 3 |  3.8
Stealth        | |  2.1

Action                   |  1- 3 |  4- 6 |  7- 9 || total
-------------------------+-------+-------+-------++-------
Melee: Unarmed           |    97 |   119 |    89 ||   305
       Punch             |     2 |     2 |     2 ||     6
  Use: Scroll            |       |       |     5 ||     5
 Stab: Sleeping          |     3 |     1 |     2 ||     6
Armor: Ring mail         |    16 |    23 |    22 ||    61
       Robe              |     1 |       |       ||     1
Dodge: Dodged            |    77 |    70 |    69 ||   216

Table legend: (Time is in decaauts)
 A = Elapsed time spent in this place.
 B = Non-inter-level travel time spent in this place.
 C = Inter-level travel time spent in this place.
 D = Time resting spent in this place.
 E = Time spent auto-exploring this place.
 F = Levels seen in this place.
 G = Mean time per level.
                   A        B        C        D        E       F      G
               +--------+--------+--------+--------+--------+-----+--------+
         Total |   4564 |   4452 |    112 |    483 |   3287 |   5 |  912.8 |
       Dungeon |   4564 |   4452 |    112 |    483 |   3287 |   5 |  912.8 |
               +--------+--------+--------+--------+--------+-----+--------+

Top non-repeatable levels by time:
     D:2: 1250 daAuts
     D:4: 1248 daAuts
     D:3: 1095 daAuts
     D:1: 902 daAuts
     D:5: 67 daAuts
